 Dungeon Crawl Stone Soup version 0.22-a0-283-g1871b15 (webtiles) character file.

44 vishdafish the Shield-Bearer (level 3, -25/30 HPs)
             Began as a Formicid Fighter on Mar 18, 2018.
             Annihilated by an ogre
             ... wielding a +0 giant club
              (28 damage)
             ... on level 2 of the Dungeon.
             The game lasted 00:01:02 (827 turns).

vishdafish the Shield-Bearer (Formicid Fighter)      Turns: 827, Time: 00:01:03

Health: -25/30     AC:  9    Str: 25    XL:     3   Next: 85%
Magic:  3/3        EV:  8    Int:  8    God:
Gold:   44         SH: 10    Dex: 10    Spells: 2/2 levels left

rFire    . . .     SeeInvis +   a - +0 war axe
rCold    . . .     Gourm    .   c - +0 shield
rNeg     . . .     Faith    .   b - +0 scale mail
rPois    .         Spirit   .   (helmet unavailable)
rElec    .         Reflect  .   h - +0 cloak
rCorr    .         Harm     .   (no gloves)
MR       .....                  e - +0 pair of boots
Stlth    ..........             (no amulet)
HPRegen  0.10/turn              (no ring)
MPRegen  0.08/turn              (no ring)

@: mighty
A: permanent stasis, dig shafts and tunnels, four strong arms, antennae 3
a: Dig, Shaft Self


You were on level 2 of the Dungeon.
You were not hungry.

You visited 1 branch of the dungeon, and saw 2 of its levels.

You collected 44 gold pieces.

Inventory:

Hand Weapons
 a - a +0 war axe (weapon)
Armour
 b - a +0 scale mail (worn)
 c - a +0 shield (worn)
 e - a +0 pair of boots (worn)
 h - a +0 cloak (worn)
Scrolls
 i - a scroll of fog {unknown}
 j - a scroll of identify {unknown}
Potions
 g - a potion of mutation {unknown}
Comestibles
 f - 3 rations


   Skills:
 + Level 3.9 Fighting
 + Level 2.7 Axes
 + Level 3.5 Armour
 + Level 0.1 Dodging
 + Level 3.9 Shields


You had 2 spell levels left.
You didn't know any spells.

Dungeon Overview and Level Annotations

Branches:
Dungeon (2/15)

Altars:


Innate Abilities, Weirdness & Mutations

You cannot be hasted, slowed, berserked, paralysed or teleported.
You can dig through walls and to a lower floor.
Your four strong arms can wield two-handed weapons with a shield.
You have a pair of large antennae on your head. (SInv)


Message History

The frilled lizard bites you but does no damage.
You closely miss the frilled lizard. The frilled lizard closely misses you.
You miss the frilled lizard. You block the frilled lizard's attack.
The frilled lizard closely misses you.
You slash the frilled lizard!
You kill the frilled lizard!
You feel very mighty all of a sudden. The ogre hits you but does no damage.
You hit the ogre.
The ogre is lightly wounded.
The ogre hits you with a giant club!
Your shield and scale mail prevent you from hitting the ogre.
The ogre is lightly wounded.
The ogre hits you with a giant club!
* * * LOW HITPOINT WARNING * * *
You hit the ogre.
The ogre is moderately wounded.
The ogre hits you with a giant club!!
Ouch! That really hurt!
You die...

.. #.#.#
...### ...#
......##..#
>.........#
##.
.........>#
.#..
........#.#
.#.#+#
###.....#.#
#.#.#
#.....#O#
#.#.#
#.....#@#
#.#.#
#.....#.#
#.#.#
###+###.#
#...#### #.#
#.# #......#
#.# #.#
#.####.# #.#
#.# #.#
#.####.# #.#
#.#
#......###.#
#.#
######.....#


You could see an ogre.

Vanquished Creatures
  An adder (D:2)
  An ooze (D:1)
  A dart slug (D:1)
  A ball python (D:1)
  A giant cockroach (D:1)
  3 goblins (D:1)
  6 hobgoblins
  5 bats
  3 frilled lizards
  2 kobolds (D:1)
  4 rats (D:1)
28 creatures vanquished.

Notes
Turn   | Place    | Note
-------+----------+-------------------------------------------
     0 | D:1      | vishdafish the Formicid Fighter began the quest for the Orb.
     0 | D:1      | Reached XP level 1. HP: 18/18 MP: 1/1
    87 | D:1      | Reached XP level 2. HP: 24/24 MP: 2/2
   368 | D:1      | Reached XP level 3. HP: 25/30 MP: 3/3
   812 | D:2      | Noticed an ogre
   827 | D:2      | Annihilated by an ogre

Vault maps used:
D:1:      evilmike_arrival_crescent
D:2:      uniq_robin

Action                   || total
-------------------------++-------
Melee: War axe           ||    92
  Use: Potion            ||     1
Armor: Scale mail        ||    58
Dodge: Dodged            ||    35
Block: Shield            ||    47

Table legend:
 A = Spawn XP
 B = Non-spawn XP
 C = Spawn XP percentage of total XP
 D = Spawn monster count
 E = Non-spawn monster count
 F = Spawn count percentage of total count
 G = Total turns spent on level
                    A         B        C        D         E        F      G
               +---------+---------+-------+---------+---------+-------+---------
         Total |       0 |      63 |   0.0 |       0 |      28 |   0.0 |   827
               +---------+---------+-------+---------+---------+-------+---------
           D:1 |       0 |      39 |   0.0 |       0 |      21 |   0.0 |   705
           D:2 |       0 |      24 |   0.0 |       0 |       7 |   0.0 |   122
               +---------+---------+-------+---------+---------+-------+---------
